 Dungeon Crawl Stone Soup version 0.32-a0-616-g9348d4545b (webtiles) character file.

Game seed: 195170134599661291

15 zenocrate the Ducker (level 2, 14/14 HPs)
             Began as a Felid Earth Elementalist on Mar 5, 2024.
             Quit the game on level 2 of the Dungeon.
             The game lasted 00:00:48 (402 turns).

zenocrate the Ducker (Felid Earth Elementalist)      Turns: 402, Time: 00:00:48

Health: 14/14      AC:  1    Str:  4    XL:     2   Next: 34%
Magic:  6/6        EV: 18    Int: 18    God:
Gold:   22         SH:  0    Dex: 22    Spells: 4/5 levels left
                                        Lives:  0   Deaths: 1

rFire   . . .        (weapon unavailable)
rCold   . . .        (shield unavailable)
rNeg    . . .        (body armour unavailable)
rPois   .            (helmet unavailable)
rElec   .            (cloak unavailable)
rCorr   .            (gloves unavailable)
SInv    +            (boots unavailable)
Will    .....        (no amulet)
Stlth   +++          c - +6 ring of dexterity
HPRegen 0.22/turn    (no ring)
MPRegen 0.10/turn

%: no passive effects
@: no status effects
A: very small, claws 1, fangs 3, see invisible, shaggy fur 1, stealthy paws, no
weapons or thrown items, no armour, multi-lived
a: no special abilities


You were on level 2 of the Dungeon.
You visited 1 branch of the dungeon, and saw 2 of its levels.

You collected 22 gold pieces.

Inventory:

Jewellery
 c - a +6 ring of dexterity (left paw)
Potions
 a - a potion of magic
 b - a potion of curing {unknown}


   Skills:
 + Level 0.7 Fighting
 + Level 3.0 Dodging
 + Level 2.7 Stealth
 + Level 2.2 Spellcasting
 + Level 1.1 Conjurations
 * Level 2.8 Earth Magic


You had 4 spell levels left.
You knew the following spells:

 Your Spells              Type           Power      Damage    Failure   Level
a - Sandblast             Erth           24%        2d8       5%          1

Your spell library contained the following spells:

 Spells                   Type           Power      Damage    Failure   Level
 Passwall                 Erth           12%        N/A       16%         3
 Stone Arrow              Conj/Erth      18%        3d8       24%         3
 Brom's Barrelling Bould  Conj/Erth      9%         2d3       61%         4
 Petrify                  Alch/Erth      7%         N/A       69%         4


Dungeon Overview and Level Annotations

Branches:
Dungeon (2/15)

Altars:

Annotations:
D:2 Jessica


Innate Abilities, Weirdness & Mutations

You have sharp claws.
You have razor-sharp teeth.
You have supernaturally acute eyesight. (SInv)
You are covered in fur. (AC +1)
Your paws help you pounce on unaware monsters.
You are incapable of wielding weapons or throwing items.
You cannot wear armour.
You gain extra lives every three experience levels.


Message History

The adder hisses angrily.
There are monsters nearby!
Casting: Sandblast (safe; 5% risk of failure)
Confirm with . or Enter, or press ? or * to list all spells.
Aiming: Sandblast (safe; 5% risk of failure)
Press: ? - help, Shift-Dir - straight line, f - Jessica
Aim: Jessica, wielding a +0 dagger, wearing a +0 robe and carrying a wand of flame (asleep, 100% to hit)
The blast of sand hits Jessica!
Jessica is severely wounded.
Jessica shouts!
Casting: Sandblast (safe; 5% risk of failure)
Confirm with . or Enter, or press ? or * to list all spells.
Aiming: Sandblast (safe; 5% risk of failure)
Press: ? - help, Shift-Dir - straight line, f/p - Jessica
Aim: Jessica, wielding a +0 dagger, wearing a +0 robe and carrying a wand of flame (severely wounded, 82% to hit)
You miscast Sandblast.
You are very lightly contaminated with residual magic.
Nothing appears to happen.
Jessica mumbles some strange words.
Jessica seems to speed up.
The adder bites you.
Unknown command.
Casting: Sandblast (safe; 5% risk of failure)
Confirm with . or Enter, or press ? or * to list all spells.
Aiming: Sandblast (safe; 5% risk of failure)
Press: ? - help, Shift-Dir - straight line, f/p - Jessica
Aim: Jessica, wielding a +0 dagger, wearing a +0 robe and carrying a wand of flame (severely wounded, fast, 82% to hit)
The blast of sand hits the adder!
The adder is almost dead.
The adder bites you.
Jessica casts a spell.
Jessica blinks!
Unknown command.
Unknown command.
Jessica zaps a wand.
The puff of flame hits you!
Ouch! That really hurt!
You die...
You rejoin the land of the living...
You aren't carrying any scrolls.
Okay, then.
Are you sure you want to abandon this character and quit the game? (Confirm with "yes".)

#...
##########
...
#.@......#
..ß
#.##.....#
.. #.
....# ..
#. ...#
...####.
#. ...
.......S
#. .# #@
.. # #. ..
#. #####
###.


There were no monsters in sight!

Vanquished Creatures
  A ball python (D:1)
  2 endoplasms (D:1)
  4 giant cockroaches (D:1)
  A quokka (D:1)
  A bat (D:1)
  2 frilled lizards
  2 kobolds (D:1)
  A rat (D:1)
14 creatures vanquished.

Notes
Turn   | Place    | Note
-------+----------+-------------------------------------------
     0 | D:1      | zenocrate the Felid Earth Elementalist began the quest for
                  | the Orb.
     0 | D:1      | Reached XP level 1. HP: 9/9 MP: 4/4
    80 | D:1      | Reached skill level 1 in Conjurations
   141 | D:1      | Reached XP level 2. HP: 14/14 MP: 1/6
   348 | D:1      | Reached skill level 3 in Dodging
   361 | D:1      | You fall into a shaft and drop 1 floor!
   397 | D:2      | Noticed Jessica
   401 | D:2      | Killed from afar by Jessica
   401 | D:2      | Lost a life (0 lives remaining)
   402 | D:2      | Quit the game

Illustrated notes

Levels and vault maps discovered:
D:1:      dpeg_arrival_prison, layout_loops_ring
D:2:      layout_basic, serial_undead, serial_undead_d, serial_undead_a,
          serial_undead_c, serial_undead_b, serial_undead_f, serial_undead_c,
          uniq_jessica

Skill      XL: |  1  2 |
---------------+-------+-----
Conjurations   | 1 |  1.1
Dodging        | 3 |  3.0
Fighting       | |  0.7
Stealth        | |  2.7
Spellcasting   | |  2.2
Earth Magic    | |  2.8

Action                     || total
---------------------------++-------
  Melee: Unarmed           ||    18
         Bite              ||     3
   Cast: Sandblast         ||    20
   Stab: Sleeping          ||     1
 Armour: Skin              ||    11
  Dodge: Dodged            ||    23

Table legend: (Time is in decaauts)
 A = Elapsed time spent in this place.
 B = Non-inter-level travel time spent in this place.
 C = Inter-level travel time spent in this place.
 D = Time resting spent in this place.
 E = Time spent auto-exploring this place.
 F = Levels seen in this place.
 G = Mean time per level.
                   A        B        C        D        E       F      G
               +--------+--------+--------+--------+--------+-----+--------+
         Total |    411 |    411 |      0 |      0 |    317 |   2 |  205.5 |
       Dungeon |    411 |    411 |      0 |      0 |    317 |   2 |  205.5 |
               +--------+--------+--------+--------+--------+-----+--------+

Top non-repeatable levels by time:
     D:1: 369 daAuts
     D:2: 41 daAuts
